 Dungeon Crawl Stone Soup version 0.24-a0-769-g368c1644f8 (webtiles) character file.

Game seed: 13353008115579714078, levelgen mode: deterministic

65 Erk the Shield-Bearer (level 4, -4/35 HPs)
             Began as a Human Fighter on Oct 5, 2019.
             Slain by Robin
             ... wielding a +5 club
              (6 damage)
             ... on level 2 of the Dungeon.
             The game lasted 00:07:11 (1370 turns).

Erk the Shield-Bearer (Human Fighter)               Turns: 1370, Time: 00:07:12

Health: -4/35      AC:  7    Str: 17    XL:     4   Next: 34%
Magic:  4/4        EV:  7    Int:  9    God:
Gold:   90         SH:  9    Dex: 12    Spells: 3/3 levels left

rFire    . . .     SeeInvis .   a - +0 long sword
rCold    . . .     Gourm    .   c - +0 shield
rNeg     . . .     Faith    .   b - +0 scale mail
rPois    .         Spirit   .   (no helmet)
rElec    .         Reflect  .   e - +0 cloak
rCorr    .         Harm     .   (no gloves)
MR       .....                  (no boots)
Stlth    ..........             (no amulet)
HPRegen  0.11/turn              (no ring)
MPRegen  0.09/turn              (no ring)

@: no status effects
A: no striking features
a: no special abilities


You were on level 2 of the Dungeon.
You were hungry.

You visited 1 branch of the dungeon, and saw 3 of its levels.

You collected 90 gold pieces.

Inventory:

Hand Weapons
 a - a +0 long sword (weapon)
 i - a +0 spear
Missiles
 j - 7 boomerangs (quivered)
 n - 16 arrows
 o - 18 sling bullets
Armour
 b - a +0 scale mail (worn)
 c - a +0 shield (worn)
 e - a +0 cloak (worn)
Jewellery
 l - an uncursed amulet of the acrobat {unknown}
Scrolls
 h - a scroll of teleportation
 k - 3 scrolls of remove curse {unknown}
 m - a scroll of fog {unknown}
 p - a scroll of identify {unknown}
Potions
 d - a potion of might
 g - a potion of haste {unknown}
 q - a potion of ambrosia {unknown}
Comestibles
 f - 6 rations


   Skills:
 - Level 3.0 Fighting
 - Level 2.0 Long Blades
 - Level 3.0 Armour
 + Level 4.9 Shields


You had 3 spell levels left.
You didn't know any spells.
Your spell library was empty.

Dungeon Overview and Level Annotations

Branches:
Dungeon (3/15)

Altars:
Ashenzari

Annotations:
D:2 Robin


Message History

a +0 club; a +0 hunting sling; 10 stones; a goblin corpse You hit Robin but do no damage.
Robin is severely wounded.
Robin laughs in a distinctly smug fashion.
You block Robin's attack. You block the hobgoblin's attack.
Robin's bangles clink loudly.
Robin hits you but does no damage.
Your shield and scale mail prevent you from hitting Robin.
Robin is severely wounded.
The hobgoblin hits you but does no damage.
Robin hits you with a +5 club.
* * * LOW HITPOINT WARNING * * *
You hit Robin.
Robin is almost dead.
You block the hobgoblin's attack. Robin hits you with a +5 club.
* * * LOW HITPOINT WARNING * * *
You closely miss Robin.
Robin is almost dead.
The hobgoblin completely misses you. Robin hits you with a +5 club.
You die...

#####
##.).##########
#..#.((..g....#
####..#...#.......
#)g)g..##.#...#...
#g###......##g#...
########@#
###.#......##.
#........#
#.#...#....g
#.########
#..##.#...#. #.#
.....###.#. #.# ##
.# ....# #.# #...
#.# #... #.###
...##. #...# #.
...


You could see Robin and a hobgoblin.

Vanquished Creatures
  A gnoll (D:2)
  2 dart slugs (D:1)
  3 leopard geckos
  2 giant cockroaches
  14 goblins
  4 hobgoblins (D:2)
  4 jackals (D:2)
  A quokka (D:2)
  3 bats
  2 frilled lizards
  3 kobolds
  3 rats
42 creatures vanquished.

Notes
Turn   | Place    | Note
-------+----------+-------------------------------------------
     0 | D:1      | Erk the Human Fighter began the quest for the Orb.
     0 | D:1      | Reached XP level 1. HP: 18/18 MP: 1/1
   144 | D:2      | Reached XP level 2. HP: 19/24 MP: 2/2
   334 | D:1      | Reached skill level 4 in Shields
   334 | D:1      | Reached XP level 3. HP: 27/29 MP: 3/3
   778 | D:2      | Found a shattered altar of Ashenzari.
   904 | D:2      | Reached XP level 4. HP: 17/35 MP: 4/4
   917 | D:2      | Noticed Robin
  1370 | D:2      | Slain by Robin

Levels and vault maps discovered:
D:1:      saegor_arrival_simple_a, layout_basic
D:2:      layout_loops_ring, hangedman_decor_points, roderic_serpentine_path,
          nicolae_ashenzari_panopticon, uniq_robin
D:3:      layout_loops_ring, first_ration, st_stairs_7

Skill      XL: |  1  2 |
---------------+-------+-----
Shields        | 4 |  4.9
Fighting       | |  3.0
Long Blades    | |  2.0
Armour         | |  3.0

Action                   |  1- 3 |  4- 6 || total
-------------------------+-------+-------++-------
Melee: Long sword        |   126 |    30 ||   156
  Use: Scroll            |       |     2 ||     2
  Eat: Chunk             |       |     1 ||     1
Armor: Scale mail        |    68 |    17 ||    85
Dodge: Dodged            |    40 |    15 ||    55
Block: Shield            |    67 |    26 ||    93
       Rpst.: Long sword |    16 |     3 ||    19

Table legend:
 A = Non-vault XP
 B = Vault XP
 C = Vault XP percentage of total XP
 D = Non-vault monster count
 E = Vault monster count
 F = Vault count percentage of total count
                 A         B        C        D         E       F
            +---------+---------+-------+---------+---------+-------
      Total |      77 |      16 |  17.2 |      33 |       9 |  21.4
            +---------+---------+-------+---------+---------+-------
        D:1 |      34 |       0 |   0.0 |      16 |       0 |   0.0
        D:2 |      43 |      16 |  27.1 |      17 |       9 |  34.6
            +---------+---------+-------+---------+---------+-------
